Map: Inside and Out

Players

Rhizer

  • Race: Protoss Protoss
  • Spawn Location: 7:00

Reaper - Winner!

  • Race: Zerg Zerg
  • Spawn Location: 1:00

Event: DreamHack SC2 Masters 2022 Atlanta (Offline)

VOD

Have the link to the VOD?

Description

Time

  • Played on: Nov. 18, 2022, 2:02 p.m.
  • Length: 3:14

All games in this series

Show
View Real Time Build Order
Export as new Build Order

Rhizer Protoss 

Build Orders:  

Get SALT Encoding   

  12  0:00  Probe  
  13  0:12  Probe  
  14  0:19  Pylon  
  14  0:24  Probe (Chrono Boost)  
  15  0:37  Probe (Chrono Boost)  
  16  0:43  Gateway  
  16  0:45  Probe (Chrono Boost)  
  17  0:50  Assimilator  
  17  0:51  Probe  
  18  1:03  Probe  
  19  1:07  Gateway  
  19  1:15  Probe  
  20  1:22  Pylon  
  20  1:30  Probe  
  21  1:36  Zealot (Chrono Boost), Cybernetics Core  
  23  1:49  Pylon  
  23  2:00  Probe  
  24  2:13  Shield Battery  
  24  2:15  Shield Battery  
  24  2:16  Pylon  
  24  2:18  Probe  
Show
View Real Time Build Order
Export as new Build Order

Reaper Zerg - Winner!

Build Orders: Pool Only 

Get SALT Encoding   

  12  0:17  Spawning Pool  
  11  0:21  Drone  
  11  0:26  Drone  
  13  0:31  Drone  
  14  0:41  Overlord  
  14  1:04  Zergling x4  
  15  1:05  Zergling x2  
  17  1:16  Zergling x2  
  18  1:37  Zergling x2  
  19  1:45  Zergling x2  
  19  1:57  Zergling x2  
  20  2:01  Zergling x2  
  20  2:15  Zergling x2  
Tags
 
Add a new tag
Caveats
  • Supply blocks, unpowered buildings, or Contaminate may cause inaccurate times.
  • Supply counts are checked every 10 seconds.